 Dungeon Crawl Stone Soup version 0.17.0-23-g0de4337 (console) character file.

45 gw the Skirmisher (level 3, -1/29 HPs)
             Began as a Demonspawn Chaos Knight on Nov 13, 2015.
             Slain by an orc
             ... wielding a +0 mace
              (6 damage)
             ... on level 3 of the Dungeon.
             The game lasted 00:01:52 (1702 turns).

gw the Skirmisher (Demonspawn Chaos Knight)         Turns: 1702, Time: 00:01:52

Health: -1/29      AC:  5    Str: 12    XL:     3   Next: 42%
Magic:  3/3        EV: 10    Int: 13    God:    Xom [*.....]
Gold:   76         SH:  0    Dex: 13    Spells: 0 memorised, 2 levels left

rFire  . . .     SeeInvis .     a - +0 mace (chaos)
rCold  . . .     Clarity  .     m - +0 ring mail
rNeg   . . .     SustAt   .     (no shield)
rPois  .         Gourm    .     (no helmet)
rElec  .         Spirit   .     (no cloak)
rCorr  +         Warding  .     (no gloves)
rMut   .         Stasis   .     (no boots)
MR     .....                    i - amulet of resist corrosion
Stlth  ..........               (no ring)
                                d - ring of loudness (curse)

@: not resistant to hostile enchantments, extremely unstealthy
A: powered by pain 1
a: Renounce Religion


You were on level 3 of the Dungeon.
You worshipped Xom.
You were a special plaything of Xom.
You were not hungry.

You visited 1 branch of the dungeon, and saw 3 of its levels.

You collected 76 gold pieces.

Inventory:

Hand Weapons
 a - a +0 mace of chaos (weapon)
Missiles
 f - 56 stones (quivered)
Armour
 m - a +0 ring mail (worn)
Jewellery
 d - a cursed ring of loudness (left hand)
 i - an amulet of resist corrosion (around neck)
Scrolls
 e - 2 scrolls of identify
 k - a scroll of recharging {unknown}
 l - a scroll of teleportation {unknown}
Potions
 b - a potion of curing {unknown}
Comestibles
 c - 4 bread rations
 h - a beef jerky
 j - a slice of pizza


   Skills:
 + Level 3.2 Fighting
 * Level 3.0 Maces & Flails
 + Level 1.4 Throwing
 + Level 2.4 Armour
 - Level 0.8 Dodging


You had 2 spell levels left.
You didn't know any spells.

Dungeon Overview and Level Annotations

Branches:
Dungeon (3/15)

Altars:
Dithmenos


Innate Abilities, Weirdness & Mutations

You sometimes gain a little power by taking damage.


Message History

The bat hits you but does no damage. The bat completely misses you.
The orc hits you but does no damage. The orc hits you with a mace!
ATTACK MOVE TO (-1,-1)
You hit the orc but do no damage. The bat barely misses you.
The orc hits you but does no damage. The orc closely misses you.
The orc misses you.
ATTACK MOVE TO (-1,-1)
You barely miss the orc. The bat closely misses you. The bat barely misses you.
The orc closely misses you. The orc hits you with a flail.
The orc hits you with a mace.
ATTACK MOVE TO (-1,-1)
The bat hits you but does no damage. x2
ATTACK MOVE TO (0,-1)
The bat hits you but does no damage. The bat misses you.
ATTACK MOVE TO (-1,-1) You're too confused to move!
You feel less confused. The bat hits you but does no damage. x2
The orc hits you with a mace.
You die...

...$. #<......#
.....#+#+############
....................#
........%...#######.#
.....(....)o'......+###. #
###
...(.......(###...P~....
#.#.. ...o[(.....##
#.~~7~7... #.#.###
.....###.#.# ##oob~~....
#...... .o..(
#.#.###.o6.PP.... ###.###
(#+#. #.#.#.'..b....##+#
#)#
#.#.#.#.......##.#####.###
..#.#.#.......##......)..¤
....#.#.......########....
#.####.#.......#...........
.. #.#....####...........
.# #.#....# #...)......¤
#.#....# ######++....


You could see 3 orcs and 2 bats.

Table legend:
 A = Turns spent in this place as a percentage of turns spent in the entire game.
 B = Non-inter-level travel turns spent in this place as a percentage of non-inter-level travel turns spent in the entire game.
 C = Inter-level travel turns spent in this place as a percentage of turns spent in this place.
 D = Turns resting spent in this place as a percentage of non-inter-level travel turns spent in this place.
 E = Turns spent auto-exploring this place as a percentage of non-inter-level travel turns spent in this place.
 F = Non-inter-level travel turns spent in this place divided by the number of levels of this place that you've seen.
                   A       B       C       D       E      F
               +-------+-------+-------+-------+-------+----------------------
         Total | 100.0 | 100.0 |   0.4 |   0.4 |   2.7 | 754.7
       Dungeon | 100.0 | 100.0 |   0.4 |   0.4 |   2.7 | 754.7
               +-------+-------+-------+-------+-------+----------------------

Table legend:
 A = Kills in this place as a percentage of kills in entire the game.
 B = Kills by you in this place as a percentage of kills by you in the entire game.
 C = Kills by friends in this place as a percentage of kills by friends in the entire game.
 D = Other kills in this place as a percentage of other kills in the entire game.
 E = Experience gained in this place as a percentage of experience gained in the entire game.
 F = Experience gained in this place divided by the number of levels of this place that you have seen.
                   A       B       C       D       E      F
               +-------+-------+-------+-------+-------+----------------------
         Total | 100.0 | 100.0 |  -nan |  -nan | 100.0 |  21.7
       Dungeon | 100.0 | 100.0 |  -nan |  -nan | 100.0 |  21.7
               +-------+-------+-------+-------+-------+----------------------

Vanquished Creatures
  An adder (D:3)
  A worm (D:3)
  An orc (D:3)
  7 bats
  2 giant cockroaches
  A giant cockroach (shapeshifter) (D:3)
  3 hobgoblins
  A ball python (D:1)
  A giant newt (D:2)
  10 goblins
  4 rats
32 creatures vanquished.

Notes
Turn   | Place    | Note
--------------------------------------------------------------
     0 | D:1      | gw the Demonspawn Chaos Knight began the quest for the Orb.
     0 | D:1      | Reached XP level 1. HP: 18/18 MP: 1/1
   282 | D:1      | XOM: potion effect (agility)
   284 | D:1      | Reached skill level 1 in Throwing
   366 | D:1      | Gained mutation: You sometimes gain a little power by taking damage. [demonic ancestry]
   366 | D:1      | Reached XP level 2. HP: 24/24 MP: 2/2
   396 | D:1      | XOM: divination: magic mapping
   528 | D:1      | XOM: potion effect (haste)
   916 | D:2      | Found a shadowy altar of Dithmenos.
   924 | D:2      | XOM: harmless Tloc miscast
   927 | D:2      | XOM: silly message
  1092 | D:3      | Reached XP level 3. HP: 25/29 MP: 3/3
  1266 | D:3      | XOM: colour smoke trail
  1637 | D:3      | XOM: mild Hex miscast
  1696 | D:3      | XOM: confusion
  1702 | D:3      | Slain by an orc

Action                   || total
-------------------------++-------
Melee: Mace              ||    68
Throw: Stone             ||    87
  Use: Scroll            ||     2
       Potion            ||     1
  Eat: Chunk             ||     3

Vault maps used:
D:1:      nagdon_arrival_zigzag_paths, solitary_fountain
D:2:      grunt_dithmenos_smoke, uniq_crazy_yiuf_cottage
D:3:      serial_bayou_pond_d, nemelex_lonely_heart_becter
